 Dungeon Sprint DCSS version 0.30-a0-1163-gf69bf04e7a (webtiles) character file.

Game seed: 13837931758679322672

12300000 sircluck the Conqueror (level 27, -10/273 HPs)
             Began as a Hill Orc Fighter on Apr 28, 2023.
             Was the Champion of Makhleb.
             Killed from afar by a scourge (63 damage)
             ... with a poison arrow
             ... in the Dungeon (Sprint VIII: "Arena of Blood").
             The game lasted 00:05:07 (123 turns).

sircluck the Conqueror (Hill Orc Fighter)            Turns: 123, Time: 00:05:07

Health: -10/273    AC: 13    Str: 23    XL:     27
Magic:  43/54      EV: 29    Int:  8    God:    Makhleb [******]
Gold:   0          SH:  0    Dex: 20    Spells: 80/80 levels left

rFire   . . .        k - +∞ Axe of Woe
rCold   . . .        (shield currently unavailable)
rNeg    . . .        b - +0 scale mail
rPois   .            (no helmet)
rElec   .            (no cloak)
rCorr   .            (no gloves)
SInv    .            (no boots)
Will    ++...        (no amulet)
Stlth   ++++++++     (no ring)
HPRegen 0.65/turn    (no ring)
MPRegen 0.34/turn

%: no teleportation
@: lethally poisoned (-10 -> -52)
A: no striking features
a: Renounce Religion, Minor Destruction, Lesser Servant of Makhleb, Major
Destruction, Greater Servant of Makhleb


You were in the Dungeon.
You worshipped Makhleb.
Makhleb was exalted by your worship.
You visited 1 branch

Inventory:

Hand Weapons
 a - a +0 war axe
 k - the +∞ Axe of Woe (weapon)
   (You found it in the Dungeon)
Armour
 b - a +0 scale mail (worn)
 c - a +0 buckler
Jewellery
 e - a ring of see invisible
Potions
 d - a potion of might
 g - a potion of haste
 h - 2 potions of magic
 i - a potion of berserk rage


   Skills:
 O Level 27 Fighting
 O Level 27 Short Blades
 O Level 27 Long Blades
 O Level 27 Axes
 O Level 27 Maces & Flails
 O Level 27 Polearms
 O Level 27 Staves
 O Level 27 Ranged Weapons
 O Level 27 Throwing
 O Level 27 Armour
 O Level 27 Dodging
 O Level 27 Stealth
 O Level 27 Shields
 O Level 27 Unarmed Combat
 O Level 27 Spellcasting
 O Level 27 Conjurations
 O Level 27 Hexes
 O Level 27 Summonings
 O Level 27 Necromancy
 O Level 27 Translocations
 O Level 27 Transmutations
 O Level 27 Fire Magic
 O Level 27 Ice Magic
 O Level 27 Air Magic
 O Level 27 Earth Magic
 O Level 27 Poison Magic
 O Level 27 Invocations
 O Level 27 Evocations


You had 80 spell levels left.
You didn't know any spells.
Your spell library was empty.

Dungeon Overview and Level Annotations

Branches:
Dungeon (1/1)

Altars:
Makhleb


Message History

* * * LOW HITPOINT WARNING * * *
Items here: ))) === †††.
You open the destroyer like a pillowcase!!!
You slaughter the destroyer joyfully.
You destroy the destroyer!
Makhleb accepts your kill.
You feel better.
You hear a shout!
A fleshlord comes into view. It is wielding a +9 great mace.
You hear a shout! x2
Unknown command.
Unknown command.
The fleshlord shouts!
You slice the bag of meat!!
You hew the bag of meat savagely.
You kill the bag of meat!
Makhleb accepts your kill.
You feel better.
You hit the meat berserker but do no damage.
You hew the meat berserker savagely.
You kill the meat berserker!
Makhleb accepts your kill.
You feel better.
The eight-headed meat hydra calls on the powers of darkness!
The eight-headed meat hydra convulses!
The bag of meat convulses! x2
The eight-headed meat hydra convulses!
The bag of meat convulses!
Your body is wracked with pain!
* * * LOW HITPOINT WARNING * * *
The fleshlord casts a spell at you.
You barely resist.
You hear a shout!
A bag of meat comes into view. It is wielding a +9 war axe.
The fleshlord appears out of thin air!
A fleshlord comes into view. It is wielding a +9 great mace.
The fleshlord appears out of thin air!
A fleshlord comes into view. It is wielding a +9 great mace.
The fleshlord shouts!
You hear a shout! x3
The scourge throws poison sting at you. The poison arrow hits you!!!
You are poisoned.
You die...

..o..#.#○..WDo.........
#...#o#.#.........p....
#...#.#.....#.....p..#Do§
#..o.V...............#oM.
...##.o.....##.#......z.W
....##.)..............o.
#......####....#S..oD###
####...)))†............#.
####).).....@)))....p.
####......)).......
################


You could see an eight-headed meat hydra, a scourge, 2 fleshlords, a sculptor of
flesh and 3 bags of meat.

Vanquished Creatures
  5 hell beasts (D)
  A royal mummy (D)
  2 great orbs of eyes (D)
  A wraith (D)
  15 vampire knights (D)
  27 ogres (D)
  8 two-headed ogres (D)
  5 liches (D)
  2 hydras (D)
  A phantom (D)
  54 orcs (D)
  3 skeletal warriors (D)
124 creatures vanquished.

Notes
Turn   | Place    | Note
-------+----------+-------------------------------------------
     0 | D        | Found the +∞ Axe of Woe
     0 | D        | sircluck the Hill Orc Fighter began the quest for the Orb.
     0 | D        | Reached XP level 1. HP: 19/19 MP: 1/1
     1 | D        | Noticed a bag of meat
     1 | D        | Noticed a bag of meat
     2 | D        | Noticed a bag of meat
     3 | D        | Noticed a bag of meat
     4 | D        | Noticed a bag of meat
     6 | D        | Noticed a meat berserker
     7 | D        | Noticed a bag of meat
     8 | D        | Noticed a bag of meat
     8 | D        | Noticed a bag of meat
     9 | D        | Killed a bag of meat
     9 | D        | Killed a bag of meat
    10 | D        | Reached XP level 2. HP: 55/55 MP: 2/2
    10 | D        | Reached XP level 3. HP: 62/62 MP: 3/3
    10 | D        | Reached XP level 4. HP: 70/70 MP: 4/4
    10 | D        | Reached XP level 5. HP: 78/78 MP: 5/5
    10 | D        | Reached XP level 6. HP: 85/85 MP: 6/6
    10 | D        | Reached XP level 7. HP: 92/92 MP: 7/7
    10 | D        | Reached XP level 8. HP: 101/101 MP: 8/8
    10 | D        | Reached XP level 9. HP: 107/107 MP: 9/9
    10 | D        | Reached XP level 10. HP: 116/116 MP: 10/10
    10 | D        | Reached XP level 11. HP: 123/123 MP: 11/11
    10 | D        | Reached XP level 12. HP: 130/130 MP: 12/12
    10 | D        | Killed a meat berserker
    10 | D        | Killed a bag of meat
    10 | D        | Noticed a bag of meat
    11 | D        | Reached XP level 13. HP: 148/148 MP: 13/13
    11 | D        | Killed a bag of meat
    11 | D        | Killed a bag of meat
    11 | D        | Noticed a bag of meat
    11 | D        | Noticed a meat berserker
    12 | D        | Reached XP level 14. HP: 162/162 MP: 14/14
    12 | D        | Noticed a meat berserker
    12 | D        | Noticed a bag of meat
    14 | D        | Became a worshipper of Makhleb the Destroyer
    14 | D        | Noticed a bag of meat
    15 | D        | Killed a meat berserker
    15 | D        | Killed a bag of meat
    15 | D        | Reached * piety under Makhleb
    15 | D        | Killed a bag of meat
    15 | D        | Killed a bag of meat
    15 | D        | Noticed a bag of meat
    16 | D        | Reached skill level 27 in Fighting
    16 | D        | Reached XP level 15. HP: 134/174 MP: 15/15
    17 | D        | Noticed a large bag of meat
    17 | D        | Noticed a meat berserker
    18 | D        | Killed a meat berserker
    18 | D        | Reached ** piety under Makhleb
    19 | D        | Reached skill level 27 in Axes
    19 | D        | Reached skill level 27 in Armour
    19 | D        | Reached skill level 27 in Shields
    19 | D        | Reached XP level 16. HP: 85/183 MP: 16/16
    19 | D        | Noticed a destroyer
    19 | D        | Killed a meat berserker
    19 | D        | Reached *** piety under Makhleb
    19 | D        | Killed a destroyer
    20 | D        | Reached skill level 5 in Short Blades
    20 | D        | Reached skill level 5 in Staves
    20 | D        | Reached skill level 5 in Ranged Weapons
    20 | D        | Reached skill level 5 in Throwing
    20 | D        | Reached skill level 5 in Stealth
    20 | D        | Reached skill level 5 in Conjurations
    20 | D        | Reached skill level 5 in Summonings
    20 | D        | Reached skill level 5 in Necromancy
    20 | D        | Reached skill level 5 in Ice Magic
    20 | D        | Reached skill level 5 in Earth Magic
    20 | D        | Reached skill level 5 in Poison Magic
    20 | D        | Reached XP level 17. HP: 142/191 MP: 16/23
    21 | D        | Noticed a meat berserker
    22 | D        | Reached **** piety under Makhleb
    22 | D        | Noticed a large bag of meat
    22 | D        | Noticed a destroyer
    23 | D        | Reached skill level 5 in Dodging
    23 | D        | Reached skill level 5 in Spellcasting
    23 | D        | Reached skill level 5 in Translocations
    23 | D        | Reached skill level 5 in Transmutations
    23 | D        | Reached skill level 5 in Air Magic
    23 | D        | Noticed a large bag of meat
    24 | D        | Reached skill level 10 in Invocations
    24 | D        | Killed a destroyer
    24 | D        | Noticed a meat berserker
    24 | D        | Noticed a destroyer
    25 | D        | Reached XP level 18. HP: 200/200 MP: 16/27
    25 | D        | Killed a large bag of meat
    25 | D        | Reached ***** piety under Makhleb
    26 | D        | Reached skill level 10 in Hexes
    26 | D        | Reached skill level 10 in Evocations
    26 | D        | Noticed a meat berserker
    26 | D        | Noticed a meat berserker
    27 | D        | Killed a meat berserker
    28 | D        | Reached skill level 10 in Long Blades
    28 | D        | Reached skill level 10 in Maces & Flails
    28 | D        | Reached skill level 10 in Polearms
    28 | D        | Reached skill level 10 in Unarmed Combat
    28 | D        | Reached skill level 10 in Fire Magic
    28 | D        | Reached XP level 19. HP: 165/207 MP: 17/29
    28 | D        | Killed a large bag of meat
    28 | D        | Killed a destroyer
    29 | D        | Reached skill level 10 in Short Blades
    29 | D        | Reached skill level 10 in Staves
    29 | D        | Reached skill level 10 in Ranged Weapons
    29 | D        | Reached skill level 10 in Throwing
    29 | D        | Reached skill level 10 in Stealth
    29 | D        | Reached skill level 10 in Conjurations
    29 | D        | Reached skill level 10 in Summonings
    29 | D        | Reached skill level 10 in Necromancy
    29 | D        | Reached skill level 10 in Ice Magic
    29 | D        | Reached skill level 10 in Earth Magic
    29 | D        | Reached skill level 15 in Invocations
    29 | D        | Noticed a large bag of meat
    29 | D        | Noticed a meat berserker
    30 | D        | Killed a meat berserker
    30 | D        | Killed a large bag of meat
    30 | D        | Reached ****** piety under Makhleb
    30 | D        | Noticed a meat berserker
    31 | D        | Reached XP level 20. HP: 143/216 MP: 17/33
    31 | D        | Killed a meat berserker
    31 | D        | Noticed a meat berserker
    31 | D        | Noticed a destroyer
    31 | D        | Noticed a large bag of meat
    32 | D        | Reached skill level 10 in Dodging
    32 | D        | Reached skill level 10 in Translocations
    32 | D        | Reached skill level 10 in Air Magic
    32 | D        | Killed a meat berserker
    34 | D        | Killed a meat berserker
    35 | D        | Reached skill level 10 in Spellcasting
    35 | D        | Reached skill level 10 in Transmutations
    35 | D        | Noticed a meat berserker
    36 | D        | Reached XP level 21. HP: 224/224 MP: 18/35
    36 | D        | Noticed a destroyer
    37 | D        | Killed a meat berserker
    37 | D        | Killed a meat berserker
    37 | D        | Killed a large bag of meat
    38 | D        | Reached skill level 15 in Long Blades
    38 | D        | Reached skill level 15 in Maces & Flails
    38 | D        | Reached skill level 15 in Polearms
    38 | D        | Reached skill level 15 in Unarmed Combat
    38 | D        | Reached skill level 15 in Hexes
    38 | D        | Reached skill level 15 in Fire Magic
    38 | D        | Reached skill level 15 in Evocations
    38 | D        | Noticed a destroyer
    39 | D        | Killed a large bag of meat
    40 | D        | Reached skill level 15 in Poison Magic
    40 | D        | Reached XP level 22. HP: 193/233 MP: 19/37
    40 | D        | Noticed a destroyer
    41 | D        | Killed a destroyer
    41 | D        | Noticed a destroyer
    42 | D        | Noticed a destroyer
    42 | D        | Killed a destroyer
    43 | D        | Reached skill level 27 in Dodging
    43 | D        | Reached XP level 23. HP: 240/240 MP: 20/38
    44 | D        | Killed a destroyer
    44 | D        | Noticed a destroyer
    45 | D        | Reached skill level 15 in Short Blades
    45 | D        | Reached skill level 15 in Conjurations
    45 | D        | Reached skill level 15 in Summonings
    45 | D        | Reached skill level 15 in Necromancy
    45 | D        | Reached skill level 15 in Earth Magic
    45 | D        | Killed a destroyer
    46 | D        | Reached skill level 15 in Staves
    46 | D        | Reached skill level 15 in Ranged Weapons
    46 | D        | Reached skill level 15 in Throwing
    46 | D        | Reached skill level 15 in Stealth
    46 | D        | Reached skill level 15 in Ice Magic
    47 | D        | Noticed an accursed
    47 | D        | Killed an accursed
    48 | D        | Reached XP level 24. HP: 160/249 MP: 21/40
    49 | D        | Killed a destroyer
    50 | D        | Reached skill level 15 in Translocations
    50 | D        | Reached skill level 15 in Air Magic
    50 | D        | Killed a destroyer
    50 | D        | Noticed a tyrant
    51 | D        | Reached XP level 25. HP: 257/257 MP: 21/41
    53 | D        | Killed a destroyer
    54 | D        | Reached skill level 15 in Spellcasting
    54 | D        | Reached skill level 15 in Transmutations
    55 | D        | Noticed a tyrant
    55 | D        | Noticed a tyrant
    58 | D        | Noticed a large bag of meat
    59 | D        | Killed a tyrant
    60 | D        | Reached skill level 27 in Invocations
    60 | D        | Noticed a destroyer
    61 | D        | Reached XP level 26. HP: 168/266 MP: 25/42
    61 | D        | Noticed a destroyer
    62 | D        | Noticed a tyrant
    63 | D        | Killed a tyrant
    65 | D        | Killed a destroyer
    67 | D        | Noticed a meat beast
    68 | D        | Noticed a meat beast
    69 | D        | Noticed a meat beast
    69 | D        | Killed a large bag of meat
    71 | D        | Killed a meat beast
    71 | D        | Killed a destroyer
    71 | D        | Noticed a meat beast
    72 | D        | Reached XP level 27. HP: 220/273 MP: 28/44
    72 | D        | Killed a meat beast
    72 | D        | Killed a meat beast
    73 | D        | Reached skill level 27 in Fire Magic
    73 | D        | Noticed a dread
    74 | D        | Killed a meat beast
    76 | D        | Killed a tyrant
    77 | D        | Reached skill level 27 in Hexes
    77 | D        | Reached skill level 27 in Evocations
    78 | D        | Noticed a large bag of meat
    78 | D        | Noticed a meat beast
    79 | D        | Noticed a large bag of meat
    80 | D        | Noticed a destroyer
    80 | D        | Noticed a destroyer
    84 | D        | Killed a meat beast
    85 | D        | Reached skill level 27 in Stealth
    86 | D        | Reached skill level 27 in Long Blades
    86 | D        | Reached skill level 27 in Maces & Flails
    86 | D        | Reached skill level 27 in Polearms
    86 | D        | Reached skill level 27 in Unarmed Combat
    86 | D        | Reached skill level 27 in Earth Magic
    86 | D        | Killed a destroyer
    90 | D        | Reached skill level 27 in Necromancy
    91 | D        | Reached skill level 27 in Short Blades
    91 | D        | Reached skill level 27 in Summonings
    91 | D        | Killed a large bag of meat
    95 | D        | Noticed a tyrant
    96 | D        | Killed a large bag of meat
    96 | D        | Killed a destroyer
    97 | D        | Reached skill level 27 in Conjurations
    97 | D        | Reached skill level 27 in Poison Magic
    98 | D        | Reached skill level 27 in Ice Magic
    98 | D        | Noticed a tyrant
    99 | D        | Killed a tyrant
   102 | D        | Killed a dread
   103 | D        | Reached skill level 27 in Staves
   103 | D        | Reached skill level 27 in Ranged Weapons
   103 | D        | Reached skill level 27 in Throwing
   103 | D        | Killed a tyrant
   104 | D        | Reached skill level 27 in Translocations
   104 | D        | Reached skill level 27 in Air Magic
   108 | D        | Noticed a meat beast
   115 | D        | Noticed a destroyer
   117 | D        | Reached skill level 27 in Spellcasting
   117 | D        | Reached skill level 27 in Transmutations
   117 | D        | Noticed an accursed
   118 | D        | Noticed a dread
   121 | D        | Killed a destroyer
   121 | D        | Noticed a fleshlord
   123 | D        | Noticed a fleshlord
   123 | D        | Killed from afar by a scourge

Illustrated notes

Levels and vault maps discovered:
D:        meatsprint

Skill      XL: |  1  2  3  4  5  6  7  8  9 10 11 12 13 14 15 16 17 18 19 20 21 22 23 24 25 26 27 |
---------------+----------------------------------------------------------------------------------+-----
Fighting       | 19 23 25 27 | 27.0
Axes           | 14 18 20 24 27 | 27.0
Armour         | 18 21 23 26 27 | 27.0
Shields        | 17 20 22 25 27 | 27.0
Short Blades   | 5 8 9 11 13 14 17 18 20 22 27 | 27.0
Long Blades    | 6 9 10 12 14 16 18 19 21 24 27 | 27.0
Maces & Flails | 6 9 10 12 14 16 18 19 21 24 27 | 27.0
Polearms       | 6 9 10 12 14 16 18 19 21 24 27 | 27.0
Staves         | 5 7 8 10 12 13 15 16 18 20 27 | 27.0
Ranged Weapons | 5 7 8 10 12 13 15 16 18 20 27 | 27.0
Throwing       | 5 7 8 10 12 13 15 16 18 20 27 | 27.0
Dodging        | 4 6 8 9 11 12 27 | 27.0
Stealth        | 5 7 8 10 12 13 15 16 18 20 27 | 27.0
Unarmed Combat | 6 9 10 12 14 16 18 19 21 24 27 | 27.0
Spellcasting   | 4 6 7 9 10 11 13 14 15 17 27 | 27.0
Conjurations   | 5 8 9 11 13 14 17 18 19 22 27 | 27.0
Hexes          | 6 9 10 13 14 16 18 20 22 24 27 | 27.0
Summonings     | 5 8 9 11 13 14 17 18 20 22 27 | 27.0
Necromancy     | 5 8 9 11 13 14 17 18 20 22 27 | 27.0
Translocations | 4 6 8 9 11 12 14 15 17 19 27 | 27.0
Transmutations | 4 6 7 9 10 11 13 14 15 18 27 | 27.0
Fire Magic     | 6 9 10 12 14 16 19 20 22 25 27 | 27.0
Ice Magic      | 5 7 8 10 12 13 16 17 19 22 27 | 27.0
Air Magic      | 4 6 8 9 11 12 14 16 17 20 27 | 27.0
Earth Magic    | 5 8 9 11 13 14 17 19 20 23 27 | 27.0
Poison Magic   | 5 8 9 11 13 15 17 18 20 22 27 | 27.0
Invocations    | 8 11 13 16 18 21 23 25 27 | 27.0
Evocations     | 6 9 10 13 14 16 18 20 22 24 27 | 27.0

Action                     |  1- 3 |  4- 6 |  7- 9 | 10-12 | 13-15 | 16-18 | 19-21 | 22-24 | 25-27 || total
---------------------------+-------+-------+-------+-------+-------+-------+-------+-------+-------++-------
  Melee: Executioner's axe |     1 |       |       |     1 |     3 |     7 |     8 |     8 |    42 ||    70
    Use: Potion            |       |       |       |       |       |       |       |     1 |     1 ||     2
         Scroll            |       |       |       |       |       |       |       |       |     1 ||     1
 Armour: Scale mail        |       |       |       |       |       |       |       |     1 |     5 ||     6
  Dodge: Dodged            |       |       |       |       |       |       |     1 |     3 |    11 ||    15

Table legend: (Time is in decaauts)
 A = Elapsed time spent in this place.
 B = Non-inter-level travel time spent in this place.
 C = Inter-level travel time spent in this place.
 D = Time resting spent in this place.
 E = Time spent auto-exploring this place.
 F = Levels seen in this place.
 G = Mean time per level.
                   A        B        C        D        E       F      G
               +--------+--------+--------+--------+--------+-----+--------+
         Total |    114 |    114 |      0 |      0 |      0 |   1 |  114.0 |
       Dungeon |    114 |    114 |      0 |      0 |      0 |   1 |  114.0 |
               +--------+--------+--------+--------+--------+-----+--------+

Top non-repeatable levels by time:
       D: 114 daAuts
